AoeStats
← Zumoshi

Arabia

507238332Analyzed
1v1 RM · 16d ago on Sep 17, 2026· 61m 17s· 2 players
Game mode
Random Map
Map size
Tiny (2 player)
Population
200
Speed
Normal
Resources
Standard
Victory
Conquest
Starting age
Dark Age
Ending age
Imperial Age
RankedLock teamsTeams togetherTeam positionsShared explorationLock speedFull tech treeHidden civsTurbo modeCheats
Victory
Defeat
🇮🇱 Khitans · Israel
1086
+14
🇹🇷 Gurjaras · Türkiye
1035
-14
NELMAN
5:02 Loom
9:13 Feudal Age
11:49 Double-Bit Axe
16:10 Wheelbarrow
20:04 Castle Age
19:57 Padded Archer Armor
20:39 Fletching
21:42 Bodkin Arrow
23:10 Leather Archer Armor
23:28 Bow Saw
23:10 Crossbowman
27:27 Scale Barding Armor
26:45 Elite Skirmisher
27:37 Gold Mining
27:42 Stone Mining
29:11 Forging
29:30 Hand Cart
32:26 Thumb Ring
33:37 Ballistics
35:17 Murder Holes
35:33 Husbandry
35:44 Bloodlines
39:58 Iron Casting
43:26 Imperial Age
42:08 Chain Barding Armor
42:53 Horse Collar
46:09 Chemistry
45:20 Elite Elephant Archer
47:29 Conscription
47:34 Frontier Guards
47:05 Light Cavalry
48:21 Bracer
49:17 Heavy Plow
50:28 Hussar
51:25 Treadmill Crane
54:08 Kshatriyas
55:47 Plate Barding Armor
56:33 Masonry
60:44 Siege Elephant
Zumoshi
7:16 Loom
9:39 Feudal Age
11:43 Double-Bit Axe
12:00 Man-at-Arms
13:31 Forging
21:54 Castle Age
19:49 Gold Mining
19:45 Domestication
20:32 Fletching
20:45 Padded Archer Armor
23:17 Bow Saw
23:10 Husbandry
23:08 Bodkin Arrow
23:50 Heavy Cavalry Archer
25:24 Leather Archer Armor
27:02 Thumb Ring
27:27 Light Cavalry
29:24 Scale Barding Armor
40:27 Wheelbarrow
41:55 Wheelbarrow
43:58 Imperial Age
42:49 Pastoralism
43:47 Iron Casting
44:21 Chain Barding Armor
45:55 Two-Man Saw
45:22 Hussar
46:42 Bracer
47:15 Parthian Tactics
47:51 Hand Cart
47:22 Town Watch
48:20 Plate Barding Armor
48:17 Ordo Cavalry
50:20 Ballistics
50:33 Ring Archer Armor
50:38 Conscription
51:59 Transhumance
53:55 Town Patrol
57:47 Chemistry
57:00 Masonry
56:58 Siege Engineers
Connection lost

Rejoining the realm…

Still unreachable

The connection could not be restored.

Session expired

The server has moved on; the page needs a fresh start.